Map: [ESL] Altitude

Players

Creator - Winner!

  • Race: Protoss Protoss

Spirit

  • Race: Terran Terran

Event: IEM Katowice 2023

VOD

Have the link to the VOD?

Description

Time

  • Played on: Feb. 9, 2023, 8:54 a.m.
  • Length: 17:05

All games in this series

Show
View Real Time Build Order
Export as new Build Order

Creator Protoss - Winner!

Build Orders: 1 Gate Expand, Phoenix Opening, Colossus Rush 

Get SALT Encoding   

  12  0:00  Probe  
  13  0:12  Probe  
  14  0:18  Pylon  
  14  0:24  Probe (Chrono Boost)  
  15  0:36  Probe (Chrono Boost)  
  15  0:38  Gateway  
  16  0:44  Probe (Chrono Boost)  
  16  0:47  Assimilator  
  17  0:51  Probe  
  18  1:03  Probe  
  19  1:15  Probe  
  20  1:26  Cybernetics Core  
  20  1:33  Nexus  
  20  1:40  Pylon  
  20  1:44  Probe  
  21  1:48  Assimilator  
  21  1:56  Probe  
  21  1:59  Adept (Chrono Boost)  
  22  2:08  Probe  
  25  2:20  Probe  
  26  2:23  Stargate  
  26  2:27  Adept (Chrono Boost)  
  28  2:32  Probe (Chrono Boost)  
  29  2:37  Warp Gate  
  29  2:42  Probe (Chrono Boost)  
  30  2:47  Probe x2 (Chrono Boost)  
  32  2:54  Adept (Chrono Boost)  
  34  2:58  Probe  
  34  2:59  Probe  
  36  3:08  Phoenix (Chrono Boost)  
  36  3:10  Probe  
  36  3:11  Probe  
  40  3:17  Pylon  
  40  3:23  Probe x2  
  40  3:24  Phoenix (Chrono Boost)  
  44  3:35  Probe x2  
  44  3:40  Robotics Facility  
  46  3:43  Gateway  
  46  3:47  Probe x2  
  48  3:50  Gateway  
  48  3:55  Phoenix  
  50  4:00  Pylon, Probe  
  51  4:03  Probe  
  52  4:14  Probe  
  52  4:15  Probe  
  52  4:20  Phoenix  
  54  4:24  Nexus  
  54  4:29  Probe x2 (Chrono Boost)  
  56  4:33  Observer  
  59  4:40  Pylon, Probe x2 (Chrono Boost)  
  59  4:42  Pylon  
  59  4:43  Assimilator  
  59  4:44  Probe (Chrono Boost)  
  59  4:45  Probe (Chrono Boost)  
  59  4:46  Assimilator  
  59  4:52  Pylon  
  61  4:55  Probe  
  61  4:58  Probe  
  63  5:01  Forge, Robotics Bay  
  63  5:07  Probe (Chrono Boost)  
  63  5:11  Probe (Chrono Boost), Phoenix  
  67  5:19  Probe (Chrono Boost), Observer  
  69  5:23  Probe (Chrono Boost)  
  69  5:24  Pylon  
  71  5:29  Probe (Chrono Boost), Observer  
  71  5:30  Probe (Chrono Boost)  
  71  5:31  Sentry  
  71  5:34  Probe (Chrono Boost)  
  75  5:36  Protoss Ground Weapons Level 1, Probe x2  
  75  5:40  Zealot  
  75  5:42  Shield Battery  
  79  5:45  Probe, Stalker  
  79  5:47  Shield Battery  
  79  5:48  Probe  
  83  5:52  Probe  
  84  5:57  Colossus (Chrono Boost)  
  84  5:58  Probe  
  84  6:00  Probe  
  84  6:01  Assimilator  
  92  6:04  Probe  
  92  6:05  Zealot  
  92  6:07  Assimilator  
  92  6:10  Probe  
  96  6:13  Probe, Extended Thermal Lance  
  96  6:15  Pylon  
  96  6:16  Probe  
  98  6:18  Pylon, Zealot  
  100  6:27  Twilight Council  
  100  6:28  Gateway  
  100  6:29  Gateway  
  100  6:35  Pylon  
  100  6:36  Pylon  
  100  6:39  Colossus (Chrono Boost), Observer  
  106  6:53  Zealot x2, Sentry  
  112  6:58  Forge, Nexus  
  112  7:13  Stalker x2  
  113  7:18  Probe x3  
  113  7:19  Colossus (Chrono Boost)  
  121  7:23  Zealot x2  
  121  7:28  Pylon  
  125  7:31  Charge  
  125  7:34  Protoss Ground Armor Level 1 (Chrono Boost)  
  125  7:36  Probe x3  
  128  7:48  Photon Cannon, Probe x3  
  131  7:53  Protoss Ground Weapons Level 2 (Chrono Boost)  
  131  7:57  Gateway  
  131  7:58  Gateway  
  131  8:02  Templar Archives  
  131  8:03  Shield Battery, Immortal (Chrono Boost)  
  131  8:07  Photon Cannon  
  131  8:10  Photon Cannon  
  135  8:13  Zealot  
  135  8:16  Zealot  
  139  8:20  Photon Cannon  
  139  8:22  Probe x2  
  139  8:23  Probe x2  
  139  8:26  Gateway  
  143  8:27  Photon Cannon  
  143  8:28  Shield Battery  
  143  8:30  Psionic Storm  
  143  8:31  Zealot  
  145  8:34  Warp Prism (Chrono Boost)  
  145  8:36  Probe  
  145  8:37  Probe  
  149  8:43  High Templar x2  
  149  8:44  High Templar  
  149  8:45  High Templar  
  157  8:49  Pylon  
  157  8:52  Photon Cannon  
  157  8:57  High Templar x2, Photon Cannon  
  157  8:58  Shield Battery  
  157  9:02  Pylon, Archon  
  161  9:05  Immortal (Chrono Boost)  
  161  9:06  Assimilator x2  
  165  9:12  Stalker  
  165  9:15  Photon Cannon  
  165  9:16  Shield Battery  
  167  9:27  High Templar x2, Zealot x2  
  173  9:31  Shield Battery  
  173  9:33  Archon  
  173  9:34  Immortal (Chrono Boost)  
  173  9:38  Protoss Ground Armor Level 2 (Chrono Boost)  
  175  9:42  Pylon  
  175  9:43  Pylon  
  175  9:44  Pylon x2  
  175  9:47  Nexus  
  175  9:55  Zealot x2  
  177  10:00  Zealot x3  
  177  10:01  Zealot x2  
  177  10:04  Zealot, Observer  
  177  10:05  Disruptor (Chrono Boost)  
  187  10:11  Robotics Facility  
  187  10:14  Protoss Ground Weapons Level 3 (Chrono Boost)  
  184  10:21  Blink  
  180  10:23  Shield Battery, Photon Cannon  
  176  10:31  Disruptor (Chrono Boost)  
  176  10:33  Stalker x2  
  181  10:43  Probe  
  181  10:44  Probe x2  
  181  10:45  Dark Shrine  
  181  10:49  Gateway  
  182  10:55  Disruptor (Chrono Boost)  
  181  10:57  Disruptor (Chrono Boost)  
  181  10:58  Robotics Facility  
  181  11:04  Zealot x5  
  197  11:13  Gravitic Boosters  
  197  11:23  Gateway  
  197  11:24  Gateway, Disruptor  
  192  11:25  Disruptor  
  192  11:29  High Templar x2, Stalker  
  197  11:34  Archon  
  189  11:50  Zealot x5  
  189  11:53  Stalker  
  194  11:56  Disruptor  
  194  11:59  Disruptor  
  196  12:10  Gravitic Drive  
  196  12:11  Stalker x2  
  182  12:22  Archon  
  155  12:32  Stalker x6  
  148  12:48  Immortal (Chrono Boost)  
  148  12:49  Stalker x5  
  150  12:51  Disruptor (Chrono Boost)  
  150  12:53  Protoss Shields Level 1 (Chrono Boost), Warp Prism (Chrono Boost)  
  150  12:54  Probe x2, Protoss Ground Armor Level 3 (Chrono Boost)  
  150  12:55  Probe  
  150  12:56  Stalker x5  
  160  12:59  Gateway x2  
  160  13:06  Dark Templar  
  162  13:14  Dark Templar x2  
  166  13:25  Warp Prism (Chrono Boost)  
  168  13:28  Shadow Stride  
  168  13:31  Nexus  
  168  13:32  Assimilator  
  168  13:34  Assimilator  
  160  13:46  Sentry, Stalker x4  
  160  13:47  Zealot x2, Dark Templar  
  160  13:48  Zealot x2  
  174  13:49  Colossus (Chrono Boost), Immortal (Chrono Boost)  
  184  13:56  Stalker  
  184  13:57  Stalker x2  
  184  14:12  Stalker x4  
  184  14:13  Stalker  
  184  14:16  Stalker x4  
  178  14:36  Colossus (Chrono Boost)  
  181  14:46  Stalker x3  
  181  14:48  Immortal (Chrono Boost)  
  181  14:51  Zealot x4  
  195  14:56  Pylon  
  195  15:06  Observer  
  180  15:26  Zealot x2, Dark Templar x3  
  180  15:27  Zealot x6  
  191  15:34  Dark Templar x2  
  195  15:37  Photon Cannon  
  195  15:39  Photon Cannon  
  192  15:46  Stalker x2  
  192  15:47  Stalker  
  184  15:52  Zealot x4  
  187  16:02  Zealot, Dark Templar x4  
  187  16:14  Dark Templar x3  
  187  16:16  Sentry  
  160  16:25  Sentry  
  160  16:26  Dark Templar  
  164  16:34  Dark Templar x3  
  168  16:51  Zealot, Stalker  
  161  16:55  Stalker x2  
  165  17:02  Pylon  
Show
View Real Time Build Order
Export as new Build Order

Spirit Terran 

Build Orders:  

Get SALT Encoding   

  12  0:00  SCV  
  13  0:12  SCV  
  14  0:17  Supply Depot  
  14  0:24  SCV  
  15  0:39  SCV  
  15  0:40  Barracks  
  16  0:44  Refinery  
  16  0:51  SCV  
  17  1:03  SCV  
  18  1:15  SCV  
  19  1:27  Marine, Orbital Command  
  20  1:45  Reaper  
  21  1:47  Command Center  
  21  1:55  SCV  
  21  1:59  Supply Depot  
  22  2:07  SCV  
  23  2:11  Factory  
  23  2:17  Bunker  
  23  2:20  SCV  
  24  2:23  Barracks Reactor  
  24  2:27  Refinery  
  24  2:32  SCV  
  25  2:44  SCV  
  26  2:57  SCV  
  29  2:59  Starport  
  29  3:00  Orbital Command  
  29  3:02  Factory Tech Lab  
  29  3:05  Marine  
  28  3:08  Marine  
  28  3:09  SCV  
  29  3:20  Cyclone  
  29  3:21  SCV  
  29  3:25  SCV  
  34  3:33  SCV  
  35  3:38  SCV  
  36  3:41  Command Center  
  36  3:45  SCV  
  37  3:49  Viking  
  37  3:50  SCV  
  40  3:56  Supply Depot  
  40  3:57  SCV  
  40  4:02  SCV, Cyclone  
  45  4:09  Supply Depot  
  45  4:10  SCV  
  46  4:17  Marine x2  
  46  4:18  SCV  
  46  4:21  Viking  
  46  4:22  SCV  
  52  4:25  Supply Depot  
  52  4:30  SCV  
  53  4:34  SCV  
  53  4:35  Marine x2  
  56  4:40  Barracks  
  56  4:42  SCV  
  56  4:45  Barracks  
  57  4:46  SCV  
  57  4:51  Liberator  
  61  4:54  SCV  
  61  4:56  Orbital Command  
  61  4:58  SCV  
  63  5:02  Refinery  
  63  5:04  Factory Tech Lab, Refinery  
  63  5:06  SCV  
  64  5:07  Marine  
  64  5:09  Marine  
  64  5:10  SCV  
  64  5:12  Engineering Bay  
  67  5:17  Engineering Bay  
  67  5:18  SCV  
  68  5:22  Orbital Command  
  68  5:25  Marine, SCV  
  68  5:26  Marine  
  71  5:33  Stimpack, Barracks  
  71  5:34  Barracks, SCV  
  72  5:36  Starport Reactor  
  72  5:38  SCV  
  72  5:40  Missile Turret  
  73  5:43  Missile Turret  
  73  5:46  Factory Reactor  
  73  5:48  SCV  
  73  5:49  Terran Infantry Weapons Level 1  
  74  5:51  Terran Infantry Armor Level 1  
  74  5:53  SCV  
  74  5:56  Combat Shield  
  75  5:58  Marine, Marauder  
  75  6:00  SCV  
  75  6:01  SCV  
  80  6:05  Supply Depot  
  80  6:07  SCV, Supply Depot  
  80  6:10  Marine  
  82  6:12  SCV, Marauder  
  85  6:23  Barracks Tech Lab, Barracks Reactor  
  85  6:26  Marine, Medivac x2, SCV x2  
  85  6:27  SCV, Supply Depot  
  85  6:29  Marine  
  85  6:30  Marine  
  95  6:33  Widow Mine  
  95  6:36  Widow Mine  
  95  6:39  SCV x2  
  101  6:42  SCV  
  101  6:49  Marine, Marauder  
  101  6:51  Marine, SCV x2  
  107  6:54  SCV  
  107  7:00  Armory  
  108  7:03  Ghost Academy, SCV  
  108  7:05  Refinery  
  108  7:06  Refinery, Starport  
  109  7:08  Supply Depot  
  109  7:09  Supply Depot x2  
  109  7:13  Concussive Shells  
  109  7:17  SCV  
  109  7:18  Marauder  
  109  7:24  Marine x2, Marauder x2, SCV x2  
  117  7:30  Marine x2, SCV, Viking x2  
  117  7:36  SCV x2  
  126  7:42  Marine, SCV  
  126  7:43  Marine  
  126  7:47  Marine  
  129  7:51  Terran Infantry Weapons Level 2, Terran Infantry Armor Level 2  
  129  7:52  Ghost  
  129  7:53  Marine  
  129  7:54  Marauder x2  
  129  7:57  Command Center  
  129  7:59  Terran Ship Weapons Level 1  
  129  8:04  SCV x3  
  132  8:09  Supply Depot x2  
  132  8:10  Marine  
  133  8:13  Viking  
  133  8:15  Viking  
  133  8:16  Marauder x2  
  141  8:24  Supply Depot  
  141  8:30  Viking x2  
  141  8:31  Bunker, SCV x2, Marauder  
  149  8:37  SCV  
  150  8:42  Refinery  
  150  8:43  SCV, Viking  
  150  8:44  Refinery  
  150  8:45  Fusion Core  
  150  8:47  SCV  
  154  8:48  Missile Turret  
  154  8:50  Supply Depot  
  154  8:51  Supply Depot  
  154  8:52  Medivac, Supply Depot  
  154  8:54  SCV  
  157  8:56  Ghost  
  157  9:00  Medivac  
  161  9:03  Medivac, Missile Turret  
  161  9:09  Planetary Fortress  
  163  9:16  SCV  
  163  9:21  Ghost  
  163  9:23  Barracks x3  
  165  9:24  Medivac  
  165  9:25  Command Center  
  164  9:35  Sensor Tower  
  164  9:36  Advanced Ballistics  
  163  9:42  Marine, Marauder  
  163  9:44  Marine  
  163  9:45  Marauder  
  169  9:50  Ghost, Command Center  
  171  9:53  Medivac  
  171  9:57  Marine  
  174  10:00  Marine  
  174  10:03  Ghost  
  174  10:05  Terran Ship Weapons Level 2  
  174  10:06  Marauder  
  176  10:08  Marine  
  176  10:09  Marine  
  176  10:13  Barracks Tech Lab x3  
  178  10:21  Terran Infantry Weapons Level 3  
  172  10:34  Barracks Tech Lab  
  171  10:36  Barracks Reactor  
  171  10:37  Terran Infantry Armor Level 3  
  171  10:39  Liberator, Command Center  
  171  10:41  Marine, Marauder  
  176  10:47  Liberator  
  177  10:52  Command Center  
  176  10:58  Planetary Fortress, Liberator  
  179  11:04  Ghost  
  179  11:10  Command Center  
  179  11:11  Command Center  
  180  11:12  Liberator  
  183  11:22  Liberator  
  186  11:33  Liberator, Refinery  
  186  11:34  Missile Turret  
  186  11:35  Refinery  
  173  11:41  Liberator  
  173  11:43  Marine x4  
  178  11:48  Marine  
  178  11:49  Marine x5  
  164  11:55  Liberator  
  164  12:00  SCV x2  
  164  12:01  Marine x4  
  170  12:05  Liberator  
  170  12:06  Marine  
  170  12:07  Marine, Marauder x3  
  170  12:08  Marauder  
  181  12:09  SCV  
  181  12:10  Sensor Tower  
  180  12:15  Liberator  
  180  12:21  Terran Vehicle And Ship Armor Level 1  
  174  12:24  Marine x2, Ghost, Liberator  
  174  12:25  Marine, Ghost  
  174  12:28  Marauder x3  
  177  12:30  Marine  
  177  12:31  Marauder  
  172  12:38  Liberator  
  172  12:41  Marine  
  172  12:42  Marine  
  172  12:43  Marine  
  159  12:47  Liberator  
  159  12:48  Marine  
  159  12:49  Marine, Ghost  
  159  12:50  Marauder  
  143  12:51  Marine  
  143  12:53  Marine  
  143  12:54  Marine  
  143  12:56  Planetary Fortress  
  143  13:01  Orbital Command  
  143  13:06  Marine  
  143  13:08  Marauder  
  143  13:09  Liberator  
  143  13:10  Medivac  
  151  13:21  Medivac, Ghost  
  151  13:24  Ghost  
  157  13:30  Liberator  
  160  13:40  Marine, Liberator  
  150  13:42  Marine  
  150  13:43  Marauder  
  150  13:46  Marine  
  150  13:47  Marine, Marauder  
  155  13:51  Liberator, SCV  
  155  13:52  Liberator  
  162  13:56  Marine, Marauder  
  162  13:59  Marine  
  162  14:00  SCV, Marauder  
  169  14:03  SCV  
  170  14:13  Liberator  
  173  14:20  Refinery x2  
  173  14:22  Ghost  
  173  14:23  Liberator  
  178  14:31  Marine  
  164  14:33  Marine, Liberator, Marauder x2  
  164  14:34  Liberator  
  169  14:56  Liberator  
  169  14:57  Personal Cloaking  
  172  15:06  Liberator  
  175  15:11  Marine  
  175  15:12  Marauder  
  178  15:16  Liberator  
  178  15:17  Liberator  
  178  15:20  Marine  
  182  15:22  Marine  
  182  15:25  Marine, Marauder  
  182  15:27  Marine x2, Marauder  
  187  15:34  Marine  
  187  15:35  Marauder  
  190  15:38  Marine, Marauder  
  190  15:39  Liberator  
  176  15:43  Marine  
  176  15:44  Marine  
  176  15:45  Marine, Marauder  
  176  15:46  Marine  
  176  15:49  Marauder, Liberator  
  155  15:52  Marine  
  155  15:56  Marine, Marauder  
  141  15:58  Marine  
  141  15:59  Liberator  
  141  16:00  Liberator  
  127  16:12  Marine  
  127  16:13  Marauder  
  127  16:17  Marauder  
  109  16:20  Marine  
  109  16:22  Marine, Liberator  
  109  16:24  Marine  
  90  16:35  Marine  
  90  16:36  Marauder  
  91  16:44  Marine  
  94  16:47  Marine  

Tags
 
Add a new tag
Caveats
  • Supply blocks, unpowered buildings, or Contaminate may cause inaccurate times.
  • Supply counts are checked every 10 seconds.